 Dungeon Sprint DCSS version 0.30-a0-122-g2a1322497e (webtiles) character file.

Game seed: 5593726862327174832

459 123456 the Fighter (level 6, -4/67 HPs)
             Began as a Minotaur Fighter on Sept 16, 2022.
             Was a Follower of Okawaru.
             Slain by a two-headed ogre
             ... wielding a +0 giant club
              (26 damage)
             ... in the Dungeon (Sprint IX: "|||||||||||||||||||||||||||||").
             The game lasted 00:00:40 (381 turns).

123456 the Fighter (Minotaur Fighter)                Turns: 381, Time: 00:00:41

Health: -4/67      AC: 14    Str: 20    XL:     6   Next: 78%
Magic:  5/5        EV: 12    Int:  5    God:    Okawaru [*.....]
Gold:   0          SH:  0    Dex: 15    Spells: 5/5 levels left

rFire   . . .      SeeInvis .    n - +2 dire flail (vorpal)
rCold   . . .      Faith    .    (shield currently unavailable)
rNeg    . . .      Spirit   .    o - +1 chain mail
rPois   .          Reflect  .    (helmet restricted)
rElec   .          Harm     .    a - +0 cloak
rCorr   .          Rampage  .    c - +0 pair of gloves
Will    .....      NoTele   +    (no boots)
Stlth   ..........               (no amulet)
HPRegen 0.21/turn                b - +3 ring of dexterity
MPRegen 0.09/turn                p - +2 ring of evasion

@: no status effects
A: horns 2, retaliatory headbutt
a: Renounce Religion, Heroism


You were in the Dungeon.
You worshipped Okawaru.
Okawaru was aware of your devotion.
You visited 1 branch

Inventory:

Hand Weapons
 n - a +2 vorpal dire flail (weapon)
Armour
 a - a +0 cloak (worn)
 c - a +0 pair of gloves (worn)
 o - a +1 chain mail (worn)
Jewellery
 b - a +3 ring of dexterity (left hand)
 p - a +2 ring of evasion (right hand)
Wands
 m - a wand of acid (10)
Scrolls
 j - 2 scrolls of blinking
 l - 2 scrolls of amnesia
Potions
 d - a potion of might
 e - 5 potions of curing
 f - 3 potions of heal wounds
 g - a potion of haste
 h - 4 potions of magic
 i - a potion of berserk rage
 k - a potion of invisibility


   Skills:
 * Level 10.7 Fighting
 * Level 10.5 Maces & Flails
 + Level 7.9 Armour
 + Level 6.3 Dodging
 - Level 3.6 Shields


You had 5 spell levels left.
You didn't know any spells.
Your spell library was empty.

Dungeon Overview and Level Annotations

Branches:
Dungeon (1/1)

Altars:
Cheibriados
Dithmenos
Elyvilon
Fedhas
Gozag
Hepliaklqana
Kikubaaqudgha
Makhleb
Nemelex Xobeh
Okawaru
Qazlal
Ru
Sif Muna
Trog
Uskayaw
Vehumet
Wu Jian
Xom
Yredelemnul
Zin
The Shining One
Jiyva
Lugonu


Innate Abilities, Weirdness & Mutations

You have a pair of horns on your head.
You reflexively headbutt those who attack you in melee.


Message History

The gargoyle hits you with a +0 mace!
You hit the gargoyle.
You destroy the gargoyle!
Okawaru is honoured by your kill.
The centaur wields a +0 shortbow.
The centaur shoots an arrow.
The arrow closely misses you.
Your Fighting skill gained 3 levels and is now at level 10!
Your Maces & Flails skill gained 4 levels and is now at level 10!
Your Armour skill gained 2 levels and is now at level 7!
Your Dodging skill gained 3 levels and is now at level 6!
You have reached level 5!
You have reached level 6!
The centaur unwields a +0 shortbow.
The centaur hits you. The centaur barely misses you.
There is an open door to the Dungeon here.
You see here a +0 mace.
You puncture the centaur!
The centaur is severely wounded.
The centaur hits you.
The centaur kicks you but does no damage.
You hit the centaur but do no damage.
The centaur is severely wounded.
The centaur hits you but does no damage.
The centaur barely misses you. x2; The centaur misses you.
You puncture the centaur!
You kill the centaur!
Okawaru accepts your kill.
You can now gain great but temporary skills.
The two-headed ogre misses you.
The two-headed ogre hits you with a +0 giant club!
Things that are here:
a +0 shortbow; a centaur corpse You barely miss the two-headed ogre.
You headbutt the two-headed ogre.
The two-headed ogre is lightly wounded.
Unknown command.
You sock the two-headed ogre! You headbutt the two-headed ogre.
The two-headed ogre is moderately wounded.
The two-headed ogre hits you but does no damage.
The two-headed ogre hits you with a +0 giant club!!
You die...

▓+▓
▓.▓
▓D▓
▓o▓
▓z▓
▓O▓
▓@▓
▓)▓
▓.▓
▓.▓
▓[▓
▓.▓
▓.▓
▓.▓
▓)▓


You could see a two-headed ogre, an orc warrior, an acid dragon and a wight.

Vanquished Creatures
  A gargoyle (D)
  A centaur (D)
  3 hounds (D)
  2 orcs (D)
  A goblin (D)
  2 hobgoblins (D)
  A quokka (D)
  A rat (D)
12 creatures vanquished.

Notes
Turn   | Place    | Note
-------+----------+-------------------------------------------
     0 | D        | 123456 the Minotaur Fighter began the quest for the Orb.
     0 | D        | Reached XP level 1. HP: 19/19 MP: 0/0
    10 | D        | Reached skill level 1 in Dodging
   164 | D        | Noticed a hound
   164 | D        | Noticed a hound
   164 | D        | Noticed a hound
   170 | D        | Killed a hound
   171 | D        | Reached skill level 5 in Fighting
   171 | D        | Reached skill level 5 in Maces & Flails
   171 | D        | Reached XP level 2. HP: 25/30 MP: 1/1
   171 | D        | Reached XP level 3. HP: 31/37 MP: 2/2
   183 | D        | Reached skill level 5 in Armour
   183 | D        | Reached XP level 4. HP: 33/45 MP: 3/3
   289 | D        | Found a snail-covered altar of Cheibriados.
   289 | D        | Found a shadowy altar of Dithmenos.
   289 | D        | Found a white marble altar of Elyvilon.
   289 | D        | Found a blossoming altar of Fedhas.
   289 | D        | Found an opulent altar of Gozag.
   290 | D        | Found a hazy altar of Hepliaklqana.
   291 | D        | Found a viscous altar of Jiyva.
   292 | D        | Found an ancient bone altar of Kikubaaqudgha.
   293 | D        | Found a corrupted altar of Lugonu.
   294 | D        | Found a burning altar of Makhleb.
   295 | D        | Found a sparkling altar of Nemelex Xobeh.
   296 | D        | Found an iron altar of Okawaru.
   297 | D        | Found a stormy altar of Qazlal.
   298 | D        | Found a sacrificial altar of Ru.
   299 | D        | Found a shimmering blue altar of Sif Muna.
   300 | D        | Found a bloodstained altar of Trog.
   301 | D        | Found a hide-covered altar of Uskayaw.
   302 | D        | Found a radiant altar of Vehumet.
   303 | D        | Found an ornate altar of the Wu Jian Council.
   304 | D        | Became a worshipper of Warmaster Okawaru
   307 | D        | Found a shimmering altar of Xom.
   308 | D        | Found a basalt altar of Yredelemnul.
   309 | D        | Found a glowing silver altar of Zin.
   310 | D        | Found a glowing golden altar of the Shining One.
   369 | D        | Noticed an acid dragon
   369 | D        | Noticed a two-headed ogre
   369 | D        | Noticed an orc warrior
   369 | D        | Noticed a centaur
   369 | D        | Noticed a gargoyle
   374 | D        | Killed a gargoyle
   375 | D        | Reached skill level 10 in Fighting
   375 | D        | Reached skill level 10 in Maces & Flails
   375 | D        | Reached XP level 5. HP: 35/59 MP: 4/4
   375 | D        | Reached XP level 6. HP: 40/67 MP: 5/5
   378 | D        | Reached * piety under Okawaru
   381 | D        | Slain by a two-headed ogre

Illustrated notes

Levels and vault maps discovered:
D:        linesprint [early_d, line_temple, items_1, d_10, items_2, lair_1,
          lair_end, items_3, orc_1, orc_end, items_4, d_15, swamp_1, shoals_1,
          snake_1, spider_1, d_20, vaults_1, items_5, swamp_end, shoals_end,
          snake_end, spider_end, vaults_end, d_27, items_6, zot_1, zot_end,
          crypt_end, forest_end, elf_end, slime_end, tomb_end, abyss_end,
          pan_hell_end]

Skill      XL: |  1  2  3  4 |
---------------+-------------+-----
Fighting       | 5 6 10 | 10.7
Maces & Flails | 5 10 | 10.5
Dodging        | 2 3 6 |  6.3
Armour         | 4 5 7 |  7.9
Shields        | |  3.6

Action                   |  1- 3 |  4- 6 || total
-------------------------+-------+-------++-------
Melee: Flail             |    33 |     3 ||    36
       Headbutt          |     3 |     4 ||     7
       Dire flail        |       |    10 ||    10
Armor: Scale mail        |    13 |     1 ||    14
       Chain mail        |       |     4 ||     4
Dodge: Dodged            |    16 |     9 ||    25
Block: Buckler           |     3 |     1 ||     4

Table legend: (Time is in decaauts)
 A = Elapsed time spent in this place.
 B = Non-inter-level travel time spent in this place.
 C = Inter-level travel time spent in this place.
 D = Time resting spent in this place.
 E = Time spent auto-exploring this place.
 F = Levels seen in this place.
 G = Mean time per level.
                   A        B        C        D        E       F      G
               +--------+--------+--------+--------+--------+-----+--------+
         Total |    387 |    387 |      0 |      0 |    252 |   1 |  387.0 |
       Dungeon |    387 |    387 |      0 |      0 |    252 |   1 |  387.0 |
               +--------+--------+--------+--------+--------+-----+--------+

Top non-repeatable levels by time:
       D: 387 daAuts
